 Dungeon Crawl Stone Soup version 0.29-a0-490-g77b3608bb8 (webtiles) character file.

Game seed: 17913292162037375236

227 bande the Covered (level 6, 0/38 HPs)
             Began as a Gargoyle Fighter on May 27, 2022.
             Slain by a gnoll
             ... wielding a +0 spear
              (2 damage)
             ... on level 4 of the Dungeon.
             The game lasted 00:04:01 (2684 turns).

bande the Covered (Gargoyle Fighter)                Turns: 2684, Time: 00:04:02

Health: 0/38       AC: 15    Str: 19    XL:     6   Next: 2%
Magic:  6/6        EV:  9    Int:  9    God:
Gold:   181        SH:  4    Dex: 11    Spells: 5/5 levels left

rFire   + . .      SeeInvis .   a - +0 war axe
rCold   . . .      Faith    .   c - +0 buckler
rNeg    + . .      Spirit   .   b - +0 scale mail
rPois   ∞          Reflect  .   (no helmet)
rElec   +          Harm     .   t - +0 cloak
rCorr   .          Rampage  .   k - +1 pair of gloves
Will    .....                   (no boots)
Stlth   ..........              (no amulet)
HPRegen 0.12/turn               e - ring of protection from fire
MPRegen 0.10/turn               (no ring)

@: no status effects
A: sickness immunity, AC +4, negative energy resistance 1, electricity
resistance, torment resistance 1, petrification resistance
a: no special abilities


You were on level 4 of the Dungeon.
You visited 1 branch of the dungeon, and saw 4 of its levels.

You collected 181 gold pieces.

Inventory:

Hand Weapons
 a - a +0 war axe (weapon)
 q - a +0 flail
Missiles
 s - a throwing net (quivered)
Armour
 b - a +0 scale mail (worn)
 c - a +0 buckler (worn)
 k - a +1 pair of gloves (worn)
 t - a +0 cloak (worn)
Jewellery
 e - a ring of protection from fire (left hand)
Scrolls
 n - a scroll of magic mapping
Potions
 d - a potion of might
 f - a potion of magic
 g - a potion of ambrosia
 h - a potion of curing {unknown}
 j - a potion of haste
 l - a potion of berserk rage
 m - a potion of attraction {unknown}
 o - a potion of lignification {unknown}
 p - 3 potions of heal wounds
 r - 2 potions of flight


   Skills:
 + Level 4.2 Fighting
 + Level 4.0 Axes
 + Level 4.4 Armour
 + Level 0.3 Stealth
 + Level 3.8 Shields


You had 5 spell levels left.
You didn't know any spells.
Your spell library contained the following spells:

 Spells                   Type           Power      Damage    Failure   Level
 Call Canine Familiar     Summ           0%         N/A       99%         3
 Portal Projectile        Hex/Tloc       0%         N/A       99%         3
 Leda's Liquefaction      Hex/Erth       0%         N/A       100%        4


Dungeon Overview and Level Annotations

Branches:
Dungeon (4/15)
 Temple: D:4-7

Altars:


Innate Abilities, Weirdness & Mutations

You are immune to sickness and miasma.
Your stone body is resilient. (AC +4)
You are immune to poison.
You resist negative energy. (rN+)
You are resistant to electric shocks. (rElec)
You are resistant to unholy torment.
You are immune to petrification.


Message History

You closely miss the gnoll.
The gnoll hits you but does no damage. x2
You closely miss the gnoll. The gnoll barely misses you. x2
The gnoll hits you with a +0 club.
The gnoll hits you from afar with a +0 halberd.
You hit the gnoll.
The gnoll is lightly wounded.
The gnoll barely misses you. The gnoll hits you but does no damage.
You slash the gnoll!
The gnoll is severely wounded.
You block the gnoll's attack. The gnoll hits you but does no damage.
You barely miss the gnoll.
The gnoll is severely wounded.
The gnoll misses you. The gnoll hits you but does no damage.
The gnoll misses you. The gnoll barely misses you.
You hit the gnoll.
You kill the gnoll!
The gnoll barely misses you.
You have reached level 6!
The gnoll hits you but does no damage. x2
Things that are here:
a +0 club; a +0 halberd; a gnoll corpse You barely miss the gnoll.
The gnoll hits you with a +0 halberd!
* * * LOW HITPOINT WARNING * * *
The gnoll hits you but does no damage.
You closely miss the gnoll. You block the gnoll's attack.
The gnoll hits you but does no damage. The gnoll hits you with a +0 halberd.
* * * LOW HITPOINT WARNING * * *
The gnoll hits you but does no damage.
You slash the gnoll!
The gnoll is severely wounded.
The gnoll hits you but does no damage. x2
You closely miss the gnoll.
The gnoll is severely wounded.
The gnoll barely misses you. The gnoll hits you with a +0 halberd.
* * * LOW HITPOINT WARNING * * *
You slash the gnoll!
You kill the gnoll!
The gnoll barely misses you.
The gnoll hits you from afar with a +0 spear.
You die...

.......##.....##
.#########...##
.# ##'## .# #.#
.# #.# ##.##
##...##
#....)########.#
##......@)g....#
##.#.##########
.....# ###.###
#.# #.# #.


You could see a gnoll.

Vanquished Creatures
  A scorpion (D:4)
  An orc priest (D:3)
  An orc wizard (D:3)
  4 adders
  3 gnolls (D:4)
  A worm (D:2)
  2 dart slugs
  An orc (D:3)
  6 endoplasms
  4 giant cockroaches
  6 goblins
  5 hobgoblins
  4 ball pythons
  6 bats
  4 frilled lizards
  6 kobolds
  5 rats
60 creatures vanquished.

Notes
Turn   | Place    | Note
-------+----------+-------------------------------------------
     0 | D:1      | bande the Gargoyle Fighter began the quest for the Orb.
     0 | D:1      | Reached XP level 1. HP: 14/14 MP: 1/1
   218 | D:1      | Reached XP level 2. HP: 16/19 MP: 2/2
   608 | D:1      | Reached XP level 3. HP: 19/24 MP: 3/3
   690 | D:1      | Found a faded altar of an unknown god.
  1253 | D:2      | Reached XP level 4. HP: 5/29 MP: 4/4
  1991 | D:3      | Reached XP level 5. HP: 11/33 MP: 5/5
  2679 | D:4      | Reached XP level 6. HP: 24/38 MP: 6/6
  2683 | D:4      | HP: 1/38 [gnoll/+0 halberd (5)]
  2684 | D:4      | Slain by a gnoll

Illustrated notes

Levels and vault maps discovered:
D:1:      saegor_arrival_simple_b, layout_rooms,
          dreamdust_ecumenical_altar_grove, chequers_serial_rivers_large_a,
          minmay_pentomino_q4
D:2:      layout_basic
D:3:      layout_rooms
D:4:      layout_loops_corners, kennysheep_mini_moat, minmay_ruined_shrine

Skill      XL: |  1  2  3  4  5 |
---------------+----------------+-----
Axes           | 2 3 4 |  4.0
Armour         | 4 |  4.4
Fighting       | 4 |  4.2
Stealth        | |  0.3
Shields        | |  3.8

Action                   |  1- 3 |  4- 6 || total
-------------------------+-------+-------++-------
Melee: War axe           |   113 |    72 ||   185
  Use: Scroll            |     7 |     6 ||    13
Armor: Scale mail        |    92 |    54 ||   146
Dodge: Dodged            |    60 |    38 ||    98
Block: Buckler           |    30 |    17 ||    47

Table legend: (Time is in decaauts)
 A = Elapsed time spent in this place.
 B = Non-inter-level travel time spent in this place.
 C = Inter-level travel time spent in this place.
 D = Time resting spent in this place.
 E = Time spent auto-exploring this place.
 F = Levels seen in this place.
 G = Mean time per level.
                   A        B        C        D        E       F      G
               +--------+--------+--------+--------+--------+-----+--------+
         Total |   2768 |   2716 |     52 |    559 |   1599 |   4 |  692.0 |
       Dungeon |   2768 |   2716 |     52 |    559 |   1599 |   4 |  692.0 |
               +--------+--------+--------+--------+--------+-----+--------+

Top non-repeatable levels by time:
     D:2: 1000 daAuts
     D:1: 875 daAuts
     D:3: 776 daAuts
     D:4: 115 daAuts
